[Event "Titled Tuesday Blitz May 16 Early 2023"]
[White "Seemann, Jakub"]
[Black "Danielyan, Vahe"]
[WhiteFideId "21874697"]
[BlackFideId "13304828"]
[WhiteElo "2364"]
[BlackElo "2423"]
[Result "0-1"]
[Round "07"]
[TimeControl "180+2"]
[Date "2023.05.16"]
[WhiteClock "0:00:00"]
[BlackClock "0:00:06"]

1. e3 b6 2. c4 Bb7 3. Nc3 Nf6 4. Nf3 g6 5. Be2 Bg7 6. O-O O-O 7. d4 d6 8. b3 Nbd7 9. Bb2 Re8 10. Qc2 e5 11. Rad1 exd4 12. Nxd4 a5 13. Rfe1 Nc5 14. Bf3 Bxf3 15. Nxf3 Qd7 16. Nd5 Nxd5 17. cxd5 Bxb2 18. Qxb2 Qf5 19. Nd4 Qf6 20. Qc2 Re5 21. Nc6 Rh5 22. a3 Re8 23. b4 axb4 24. axb4 Ne4 25. Rd4 Qh4 26. h3 f5 27. Ra1 Rg5 28. f3 Qxh3 29. fxe4 Qxe3+ 30. Qf2 Qc3 31. Rad1 fxe4 32. Qe2 e3 33. Rf1 Qb3 34. Rd3 Qc4 35. Rf3 Rxd5 36. Rfxe3 Rxe3 37. Rxe3 Qxc6 38. Re8+ Kg7 39. Qe7+ Kh6 40. Qh4+ Rh5 41. Qf4+ Rg5 42. Qh4+ Rh5 43. Qf4+ Rg5 44. Qf8+ Kh5 45. Qf3+ Qxf3 0-1


[Site "https://www.chess.com"]

[Event "Titled Tuesday Blitz May 16 Early 2023"]
[White "Mendez Fortes, Eduardo Jesus"]
[Black "OPQRC"]
[WhiteFideId "3502376"]
[WhiteElo "2307"]
[BlackElo "2561"]
[Result "1/2-1/2"]
[Round "07"]
[TimeControl "180+2"]
[Date "2023.05.16"]
[WhiteClock "0:00:15"]
[BlackClock "0:00:14"]

1. e4 c5 2. Nf3 e6 3. d4 cxd4 4. Nxd4 Nf6 5. Nc3 Nc6 6. Ndb5 Bb4 7. a3 Bxc3+ 8. Nxc3 d5 9. exd5 exd5 10. Bd3 O-O 11. O-O h6 12. h3 Re8 13. Bf4 Qb6 14. Qd2 Bd7 15. Na4 Qd4 16. b3 Ne4 17. Qd1 b6 18. Qf3 Ne5 19. Bxe5 Rxe5 20. Rad1 Bxa4 21. bxa4 Qxa4 22. c4 Nf6 23. cxd5 Rxd5 24. Bc2 Qxc2 25. Rxd5 Nxd5 26. Qxd5 Rc8 27. Re1 a5 28. Re7 Qc1+ 29. Kh2 Qf4+ 30. g3 Qxf2+ 31. Qg2 Qxg2+ 32. Kxg2 Rc2+ 33. Kg1 Rc3 34. Rb7 Rxg3+ 35. Kh2 Rxa3 36. Rxb6 g6 37. Ra6 Kg7 38. Kg2 a4 39. Kh2 h5 40. h4 f6 41. Ra5 Kh6 42. Ra6 Rf3 43. Kg2 Rf4 44. Kg3 Rg4+ 45. Kh3 Rf4 46. Kg3 Rb4 47. Kh3 f5 48. Ra7 Rb3+ 49. Kg2 a3 50. Kh2 Rb2+ 51. Kg3 a2 52. Kf3 Rc2 53. Kg3 Rb2 54. Kf3 Rb4 55. Kg3 f4+ 56. Kf3 Rc4 57. Rxa2 Kg7 58. Ra6 Kf7 59. Rb6 Ra4 60. Rc6 Ra3+ 61. Kxf4 Ra4+ 62. Kg3 Rg4+ 63. Kh3 Kg7 64. Rb6 Kh6 65. Rb5 Kg7 66. Ra5 Kf6 67. Rb5 Re4 68. Rb6+ Re6 69. Rb5 Re5 70. Rb4 Kf5 71. Rc4 Re3+ 72. Kg2 Re4 73. Rc5+ Kg4 74. Rg5+ Kxh4 75. Rxg6 Ra4 76. Kh2 Rg4 77. Rxg4+ hxg4 78. Kg2 g3 79. Kg1 Kg4 80. Kg2 Kf4 81. Kg1 Kf5 82. Kg2 Kg4 83. Kg1 Kh3 84. Kh1 Kh4 85. Kg1 Kg4 86. Kg2 Kf4 87. Kg1 Kf3 88. Kf1 g2+ 89. Kg1 Kg3 1/2-1/2


[Site "https://www.chess.com"]

[Event "Titled Tuesday Blitz May 16 Early 2023"]
[White "Belov, Alexei"]
[Black "Simonian, Hrair"]
[WhiteFideId "4128206"]
[BlackFideId "13302337"]
[WhiteElo "2554"]
[BlackElo "2447"]
[Result "0-1"]
[Round "07"]
[TimeControl "180+2"]
[Date "2023.05.16"]
[WhiteClock "0:00:04"]
[BlackClock "0:00:29"]

1. e4 c5 2. Nf3 e6 3. d4 cxd4 4. Nxd4 a6 5. Nc3 b5 6. Be2 Bb7 7. Bf3 Nc6 8. Nxc6 Bxc6 9. O-O Qc7 10. Re1 Bd6 11. h3 Ne7 12. Ne2 O-O 13. Nd4 Bb7 14. e5 Bc5 15. Bxb7 Qxb7 16. Nb3 Bb6 17. Be3 Nd5 18. Bxb6 Qxb6 19. c3 Rac8 20. Qg4 Rc4 21. Qe2 Rfc8 22. Nd2 R4c7 23. Ne4 b4 24. c4 Nf4 25. Qf3 Ng6 26. Nd6 Nxe5 27. Qd1 f6 28. Nxc8 Rxc8 29. b3 a5 30. Qd2 Rc5 31. Kh1 g5 32. f4 gxf4 33. Qxf4 Qd8 34. Rad1 Qe7 35. Re3 Kf7 36. Qh6 Ke8 37. Qf4 Kd8 38. Re4 d6 39. Red4 Rc6 40. Qe3 Kc7 41. Rxd6 Rxd6 42. Qa7+ Kd8 43. Qb8+ Kd7 44. Qa7+ Ke8 45. Qb8+ Rd8 46. Qb5+ Kf7 47. Rxd8 Qxd8 48. c5 Qd1+ 49. Kh2 Qd5 50. Qxa5 Nc6 51. Qc7+ Kg6 52. Qb6 e5 0-1


[Site "https://www.chess.com"]

[Event "Titled Tuesday Blitz May 16 Early 2023"]
[White "Hossain, Enamul"]
[Black "Volkov, Maksim"]
[WhiteFideId "10200649"]
[BlackFideId "54123070"]
[WhiteElo "2433"]
[BlackElo "2297"]
[Result "1/2-1/2"]
[Round "07"]
[TimeControl "180+2"]
[Date "2023.05.16"]
[WhiteClock "0:00:13"]
[BlackClock "0:00:07"]

1. e4 c5 2. Nf3 d6 3. d4 cxd4 4. Nxd4 Nf6 5. Nc3 a6 6. Be3 e5 7. Nf3 Be7 8. Bc4 Be6 9. Bb3 O-O 10. O-O b5 11. a4 Bxb3 12. cxb3 b4 13. Nd5 Nxd5 14. Qxd5 Nd7 15. Rfd1 Nf6 16. Qd3 Qa5 17. Bg5 Rfd8 18. Bxf6 Bxf6 19. Rac1 Be7 20. g3 Rac8 21. Rxc8 Rxc8 22. Nd2 Qc5 23. Nc4 Rc6 24. Kg2 g6 25. h4 h5 26. Qf3 Kg7 27. Rd5 Qa7 28. Qd3 Qc7 29. Qd2 Qb8 30. Qe3 Qc7 31. Qf3 Qb8 32. g4 hxg4 33. Qxg4 Rc7 34. h5 Qf8 35. Ne3 Kh7 36. Rd1 gxh5 37. Rh1 h4 38. Nf5 Qg8 39. Qxg8+ Kxg8 40. Nxe7+ Rxe7 41. Rxh4 Rc7 42. Rh6 Rc2 43. Rxd6 Rxb2 44. Rxa6 Rxb3 45. Rb6 Rb1 46. a5 b3 47. a6 Ra1 48. Rxb3 Rxa6 49. Rb5 Re6 50. Kf3 Kg7 51. Kg4 Kf6 52. f3 Ra6 53. Rb8 Kg6 54. Rg8+ Kf6 55. Rg5 Ra1 56. Rf5+ Ke6 57. Kg3 Rg1+ 58. Kf2 Rh1 59. Rg5 Kf6 60. Rg8 Rh2+ 61. Kg3 Rh1 62. Rc8 Kg5 63. Rg8+ Kf6 64. Kf2 Rb1 65. Re8 Rb5 66. Kg3 Rb1 67. Rc8 Rd1 68. Rc5 Rg1+ 69. Kf2 Rb1 70. Kg3 Rg1+ 71. Kf2 Rb1 72. Kg3 Rg1+ 1/2-1/2


[Site "https://www.chess.com"]

[Event "Titled Tuesday Blitz May 16 Early 2023"]
[White "Czerw, Dawid"]
[Black "Krysa, Leandro"]
[WhiteFideId "1145746"]
[BlackFideId "116807"]
[WhiteElo "2144"]
[BlackElo "2489"]
[Result "1-0"]
[Round "07"]
[TimeControl "180+2"]
[Date "2023.05.16"]
[WhiteClock "0:00:22"]
[BlackClock "0:01:15"]

1. e4 e5 2. Nf3 Nc6 3. Bb5 a6 4. Ba4 Nf6 5. d4 exd4 6. O-O Be7 7. e5 Ne4 8. Nxd4 Nc5 9. Nf5 O-O 10. Qg4 g6 11. Nxe7+ Qxe7 12. Bxc6 dxc6 13. Qg3 Bf5 14. Nc3 h5 15. Bg5 Qe6 16. Rfe1 Bxc2 17. Ne2 Ne4 18. Nd4 Qd5 19. Rxe4 Bxe4 20. Bf6 Qxd4 21. Qf4 Kh7 22. Re1 c5 23. e6 fxe6 24. Qxc7+ Kh6 25. Qg7# 1-0


[Site "https://www.chess.com"]

[Event "Titled Tuesday Blitz May 16 Early 2023"]
[White "Panda Sambit"]
[Black "Nitish Belurkar"]
[WhiteFideId "25091794"]
[BlackFideId "5084768"]
[WhiteElo "2272"]
[BlackElo "2352"]
[Result "0-1"]
[Round "07"]
[TimeControl "180+2"]
[Date "2023.05.16"]
[WhiteClock "0:00:03"]
[BlackClock "0:00:44"]

1. d4 Nf6 2. Nf3 g6 3. Bf4 Bg7 4. e3 d6 5. h3 O-O 6. Be2 Nbd7 7. O-O b6 8. c4 Bb7 9. Nc3 c5 10. d5 Re8 11. Rc1 a6 12. Re1 h6 13. Bf1 Qb8 14. e4 Ne5 15. Bh2 Rd8 16. Nd2 g5 17. g3 b5 18. cxb5 axb5 19. Bxb5 Ba6 20. Bxa6 Rxa6 21. Qe2 Qxb2 22. Qxa6 Qxd2 23. Qe2 Qd4 24. Red1 Qb4 25. f4 Nc4 26. Qd3 Nb2 27. Qc2 Nxd1 28. Rxd1 Ra8 29. Rd3 Nxe4 30. Nxe4 Qxe4 31. Rd2 Bd4+ 0-1


[Site "https://www.chess.com"]

[Event "Titled Tuesday Blitz May 16 Early 2023"]
[White "Cezila Jr, Rubens"]
[Black "MKlose11"]
[WhiteFideId "2116723"]
[WhiteElo "2214"]
[BlackElo "2671"]
[Result "0-1"]
[Round "07"]
[TimeControl "180+2"]
[Date "2023.05.16"]
[WhiteClock "0:00:00"]
[BlackClock "0:00:40"]

1. c4 Nf6 2. Nc3 c5 3. g3 Nc6 4. Nd5 e6 5. Nxf6+ Qxf6 6. Bg2 g6 7. e3 Bg7 8. Ne2 O-O 9. O-O Rb8 10. Nc3 Qe7 11. d3 d6 12. a4 Bd7 13. Qe2 b6 14. Bd2 Rfd8 15. f4 Na5 16. Ra3 Bc6 17. Be1 Bxg2 18. Qxg2 Qb7 19. Qe2 Nc6 20. g4 d5 21. cxd5 exd5 22. Nd1 Re8 23. Qg2 Rbd8 24. f5 Qe7 25. g5 gxf5 26. Rxf5 Qe6 27. Rf4 Ne5 28. Bg3 Qg6 29. e4 dxe4 30. Rxe4 Qxg5 31. Ne3 Ng6 32. h4 Qf6 33. h5 Rxe4 34. dxe4 Nf4 35. Bxf4 Qxf4 36. h6 Qxh6 37. Nd5 Kh8 38. Rg3 Qc1+ 0-1


[Site "https://www.chess.com"]

[Event "Titled Tuesday Blitz May 16 Early 2023"]
[White "Martinez Ramirez, Lennis"]
[Black "Garrido, Denis"]
[WhiteFideId "3509079"]
[BlackFideId "601217"]
[WhiteElo "2410"]
[BlackElo "2306"]
[Result "0-1"]
[Round "07"]
[TimeControl "180+2"]
[Date "2023.05.16"]
[WhiteClock "0:00:02"]
[BlackClock "0:00:19"]

1. c4 Nf6 2. Nc3 e5 3. g3 d5 4. cxd5 Nxd5 5. Bg2 Nb6 6. Nf3 Nc6 7. Rb1 a5 8. a3 Be7 9. b4 axb4 10. axb4 O-O 11. b5 Nd4 12. Nxe5 Bf6 13. Nf3 Nxf3+ 14. Bxf3 Bh3 15. Bxb7 Ra7 16. Bc6 Nc4 17. Ne4 Bd4 18. e3 Ne5 19. Qh5 Bg4 20. Qxg4 Nxg4 21. exd4 Qxd4 22. O-O Ra2 23. Nc3 Rc2 24. Rb2 Rxb2 25. Bxb2 Ne5 26. Bg2 Qxd2 27. Ba1 Nd3 28. Ne4 Qb4 29. h4 Qxb5 30. Ng5 h6 31. Nf3 Re8 32. Nd4 Qc4 33. Nf5 f6 34. Ne3 Qc5 35. Nd5 Re2 36. Ne3 Rxe3 37. fxe3 Qxe3+ 38. Kh2 h5 39. Rf3 Qd2 40. Bd4 Ne1 41. Rf2 Qxd4 42. Bh1 Qxf2+ 43. Kh3 Qf1+ 44. Bg2 Qxg2# 0-1


[Site "https://www.chess.com"]

[Event "Titled Tuesday Blitz May 16 Early 2023"]
[White "Koellner, Ruben Gideon"]
[Black "Grigoriants, Sergey"]
[WhiteFideId "12993093"]
[BlackFideId "4130804"]
[WhiteElo "2314"]
[BlackElo "2502"]
[Result "1-0"]
[Round "07"]
[TimeControl "180+2"]
[Date "2023.05.16"]
[WhiteClock "0:01:07"]
[BlackClock "0:00:01"]

1. d4 Nf6 2. Nf3 d5 3. e3 c5 4. c3 e6 5. Nbd2 Nbd7 6. Bd3 b6 7. Ne5 Bb7 8. f4 Be7 9. Qf3 O-O 10. O-O Qc8 11. g4 Ba6 12. g5 Nxe5 13. fxe5 Nd7 14. Bxh7+ Kxh7 15. Qh5+ Kg8 16. Rf4 Bxg5 17. Qxg5 f5 18. Nf3 Be2 19. Nh4 Qd8 20. Qg6 Rf7 21. Qxe6 Qg5+ 22. Kf2 Bg4 23. Nf3 Qh5 24. Qxd5 Bxf3 25. Qxf3 Qxh2+ 26. Qg2 Qxg2+ 27. Kxg2 Re8 28. Bd2 Nf8 29. Raf1 g6 30. Rh4 Ne6 31. Rfh1 Ng5 32. Rh8+ 1-0


[Site "https://www.chess.com"]

[Event "Titled Tuesday Blitz May 16 Early 2023"]
[White "Quesada Perez, Yuniesky"]
[Black "Ismagilov, Damir"]
[WhiteFideId "3504409"]
[BlackFideId "34199982"]
[WhiteElo "2585"]
[BlackElo "2143"]
[Result "1-0"]
[Round "07"]
[TimeControl "180+2"]
[Date "2023.05.16"]
[WhiteClock "0:00:35"]
[BlackClock "0:00:17"]

1. e4 g6 2. d4 Bg7 3. Nc3 d6 4. Be3 e5 5. dxe5 dxe5 6. Qxd8+ Kxd8 7. O-O-O+ Bd7 8. Bc4 Nh6 9. f4 Ng4 10. Bc5 exf4 11. Nf3 b6 12. h3 Ne5 13. Bd4 Nxc4 14. Bxg7 Rg8 15. Bf6+ Kc8 16. Nd5 Nc6 17. Nxf4 Re8 18. Rhe1 N4e5 19. Nxe5 Nxe5 20. b3 Bc6 21. Nd5 Kb7 22. Bg5 Bxd5 23. exd5 Nd7 24. Be7 f6 25. Re6 Nf8 26. Re2 f5 27. d6 Nd7 28. Kb2 Nc5 29. d7 Rg8 30. d8=Q Raxd8 31. Rxd8 Rxd8 32. Bxd8 Ne4 33. g4 Kc6 34. gxf5 gxf5 35. Rxe4 fxe4 36. Kc3 Kd7 37. Bh4 Ke6 38. Kd4 Kf5 39. Bg3 c6 40. c4 a6 41. b4 b5 42. c5 h5 43. Ke3 Kf6 44. Kxe4 Ke6 45. Bf4 Kf6 46. Be5+ Ke6 47. h4 Ke7 48. Kf5 Kf7 49. Bd6 Kg7 50. Ke6 Kg6 51. Kd7 Kf5 52. Kxc6 Kg4 53. Be7 Kf5 54. Kb6 Ke6 55. Bg5 Kd5 56. Kxa6 Kc4 57. a3 Kb3 58. Kxb5 Ka2 59. c6 Kb1 60. c7 Ka1 61. c8=Q Ka2 62. Qc2+ Ka1 63. Bf6# 1-0


[Site "https://www.chess.com"]

[Event "Titled Tuesday Blitz May 16 Early 2023"]
[White "Galchenko, Matvey"]
[Black "bubeliang"]
[WhiteFideId "24175480"]
[WhiteElo "2423"]
[BlackElo "2610"]
[Result "1-0"]
[Round "07"]
[TimeControl "180+2"]
[Date "2023.05.16"]
[WhiteClock "0:00:27"]
[BlackClock "0:00:00"]

1. e4 c6 2. d4 d5 3. exd5 cxd5 4. Bd3 Nc6 5. c3 Qc7 6. h3 g6 7. Nf3 Nf6 8. O-O Bg7 9. Re1 O-O 10. Na3 Bf5 11. Bf1 a6 12. Nc2 Rfe8 13. Ne3 Rad8 14. Nxf5 gxf5 15. Bd3 Ne4 16. Be3 e6 17. Qc1 Qe7 18. Bf4 Rc8 19. Qe3 f6 20. Rad1 e5 21. Bh2 Rcd8 22. Bc2 Qf8 23. Bb3 Na5 24. Bc2 Nc4 25. Qc1 Bh6 26. Qa1 Kh8 27. dxe5 Qc5 28. Re2 Nxf2 29. Rxf2 Be3 30. Rf1 Bxf2+ 31. Rxf2 Ne3 32. Bd3 fxe5 33. Bxe5+ Rxe5 34. Nxe5 Rg8 35. b4 Qe7 36. c4 Qf6 37. cxd5 Kg7 38. Qd4 1-0


[Site "https://www.chess.com"]

[Event "Titled Tuesday Blitz May 16 Early 2023"]
[White "Mikhailovsky, Vladimir"]
[Black "vlajkovicS"]
[WhiteFideId "34105414"]
[WhiteElo "2271"]
[BlackElo "2607"]
[Result "0-1"]
[Round "07"]
[TimeControl "180+2"]
[Date "2023.05.16"]
[WhiteClock "0:00:00"]
[BlackClock "0:00:12"]

1. d4 e6 2. e4 a6 3. Nf3 b5 4. Bd3 Bb7 5. O-O c5 6. c3 Be7 7. Qe2 Nf6 8. e5 Nd5 9. Qe4 Nc6 10. Qg4 g6 11. Bh6 cxd4 12. cxd4 Qb6 13. Nc3 Ncb4 14. Be4 Rc8 15. Nxd5 Bxd5 16. Rac1 Rc6 17. a3 Bxe4 18. Qxe4 Nd5 19. Rc2 b4 20. Rxc6 dxc6 21. a4 Kd7 22. Nd2 c5 23. Nc4 Qc6 24. Rd1 cxd4 25. Rxd4 Bc5 26. Rd1 Rc8 27. Be3 Qxa4 28. Rxd5+ exd5 29. Qxd5+ Ke8 30. h4 Qc6 31. Qd3 Be7 32. Nb6 Rd8 33. Qxa6 Bxh4 34. Qe2 Kf8 35. Qg4 Be7 0-1


[Site "https://www.chess.com"]

[Event "Titled Tuesday Blitz May 16 Early 2023"]
[White "Agibileg, Uurtsaikh"]
[Black "Sethuraman, S.P."]
[WhiteFideId "4901606"]
[BlackFideId "5021596"]
[WhiteElo "2353"]
[BlackElo "2543"]
[Result "0-1"]
[Round "07"]
[TimeControl "180+2"]
[Date "2023.05.16"]
[WhiteClock "0:00:16"]
[BlackClock "0:00:51"]

1. d4 g6 2. e4 Bg7 3. Nf3 d6 4. Be2 Nf6 5. Nc3 O-O 6. O-O a6 7. a4 Nc6 8. Bg5 h6 9. Bh4 e5 10. dxe5 dxe5 11. Qxd8 Rxd8 12. Bxf6 Bxf6 13. Nd5 Kg7 14. Nxc7 Rb8 15. c3 Bg4 16. Rfd1 h5 17. Nd5 Be6 18. a5 Bxd5 19. exd5 Ne7 20. c4 Nf5 21. Nd2 Be7 22. Ne4 Nd4 23. Bd3 f5 24. Nc3 Nb3 25. Rab1 Nxa5 26. b4 Nxc4 27. Bxc4 Rbc8 28. Bxa6 bxa6 29. Na4 Rc4 30. Nc5 Bxc5 31. bxc5 Rxc5 32. d6 Kf6 33. h4 Rc6 34. d7 Ke6 35. Rb7 a5 36. Ra7 a4 37. Rxa4 Rxd7 38. Rb1 f4 39. Re4 Kf5 40. Rb5 Kxe4 41. Rb4+ Kf5 0-1


[Site "https://www.chess.com"]

[Event "Titled Tuesday Blitz May 16 Early 2023"]
[White "Hambleton, Aman"]
[Black "Odegov, Artem"]
[WhiteFideId "2606577"]
[BlackFideId "34183644"]
[WhiteElo "2511"]
[BlackElo "2300"]
[Result "1-0"]
[Round "07"]
[TimeControl "180+2"]
[Date "2023.05.16"]
[WhiteClock "0:00:03"]
[BlackClock "0:00:00"]

1. d4 Nf6 2. Bf4 c5 3. e3 g6 4. c3 cxd4 5. exd4 Bg7 6. h3 O-O 7. Nf3 d6 8. Bh2 Nc6 9. Be2 Qb6 10. Qb3 Be6 11. Qxb6 axb6 12. a3 Ra5 13. Nbd2 Rfa8 14. O-O Bh6 15. Bd3 Bd7 16. Nc4 R5a6 17. Ne3 R6a7 18. Rfe1 Kf8 19. Rad1 Na5 20. g4 Bg7 21. g5 Nh5 22. Nd5 Bxh3 23. Rxe7 Rd8 24. Rde1 Be6 25. Bb5 Raa8 26. R1xe6 fxe6 27. Rxe6 Kf7 28. Re7+ Kf8 29. Re6 Kf7 30. Re7+ Kg8 31. Nd2 Bf8 32. Re3 Nc6 33. Ne4 Rac8 34. Nxb6 Rc7 35. Nd5 Rf7 36. Nef6+ Nxf6 37. Nxf6+ Kh8 38. Bc4 Rc7 39. Ba2 Bg7 40. Nd5 Rf7 41. Nf6 Re7 42. Rf3 Rf8 43. Kg2 Rd8 44. Nd5 Re1 45. Nb6 Re2 46. Nc4 d5 47. Ne3 Rxb2 48. Bxd5 Ne7 49. Be6 Rf8 50. Bd6 Rxf3 51. Kxf3 Nc6 52. d5 Nd8 53. Bd7 Bxc3 54. Ke4 Bg7 55. f4 Ra2 56. Bb4 Nf7 57. Be6 Kg8 58. d6 Rb2 59. d7 Rb3 60. Bxb3 Bf8 61. Bxf7+ Kg7 62. d8=Q Kxf7 63. Qd7+ 1-0


[Site "https://www.chess.com"]

[Event "Titled Tuesday Blitz May 16 Early 2023"]
[White "Aydincelebi, Kagan"]
[Black "Piesik, Piotr"]
[WhiteFideId "6361102"]
[BlackFideId "1136194"]
[WhiteElo "2180"]
[BlackElo "2299"]
[Result "0-1"]
[Round "07"]
[TimeControl "180+2"]
[Date "2023.05.16"]
[WhiteClock "0:00:18"]
[BlackClock "0:00:18"]

1. e4 c6 2. d4 d5 3. exd5 cxd5 4. c4 Nf6 5. Nc3 e6 6. c5 Nc6 7. Nf3 Be7 8. Rb1 a5 9. a3 b6 10. b4 axb4 11. axb4 bxc5 12. bxc5 O-O 13. Bb5 Qc7 14. O-O Ba6 15. Re1 Bxb5 16. Nxb5 Qd7 17. Bf4 Ne4 18. Qd3 Ra2 19. Re2 Rfa8 20. h4 h6 21. h5 Bf6 22. Reb2 Rxb2 23. Rxb2 Qb7 24. Rb3 Ra1+ 25. Kh2 Nxf2 26. Qc2 Rh1+ 27. Kg3 Ne4+ 28. Kg4 Bd8 29. Ne5 Rh4+ 30. Kf3 Qxb5 31. Rxb5 Nxd4+ 32. Ke3 Nxc2+ 33. Kd3 Rxf4 34. Rb8 Nb4+ 35. Ke3 Kh7 36. Kxf4 Bc7 37. Rxb4 f6 38. c6 Bxe5+ 39. Ke3 Nc5 40. Rb5 Na6 41. Rb7 Nc7 42. Rb8 g6 43. g4 gxh5 44. gxh5 Kg7 45. Rd8 f5 46. Kf3 Kf6 47. Rg8 Kf7 48. Rd8 Nb5 49. Rd7+ Kf6 50. Kg2 Nd4 51. c7 Bxc7 52. Rxc7 Kg5 53. Kg3 e5 54. Rd7 f4+ 55. Kh3 Kxh5 56. Rxd5 Nf3 57. Rd3 Ng5+ 58. Kg2 Kg4 59. Rd5 e4 60. Kf2 h5 61. Rd1 e3+ 62. Ke2 Ne4 63. Rg1+ Ng3+ 64. Kd3 h4 65. Ra1 h3 66. Ra8 h2 0-1


[Site "https://www.chess.com"]

[Event "Titled Tuesday Blitz May 16 Early 2023"]
[White "Molina, Roberto Junio Brito"]
[Black "Asavasaetakul, Chawit"]
[WhiteFideId "2109450"]
[BlackFideId "6204856"]
[WhiteElo "2376"]
[BlackElo "1919"]
[Result "0-1"]
[Round "07"]
[TimeControl "180+2"]
[Date "2023.05.16"]
[WhiteClock "0:00:00"]
[BlackClock "0:00:22"]

1. e4 d5 2. exd5 Nf6 3. Bb5+ Nbd7 4. d4 Nxd5 5. Nf3 c6 6. Be2 N7f6 7. O-O Bf5 8. c4 Nb6 9. Nc3 e6 10. Bf4 Be7 11. h3 O-O 12. Qd2 Ne4 13. Nxe4 Bxe4 14. Qe3 Bxf3 15. gxf3 Bf6 16. Rad1 Re8 17. Rd2 Qe7 18. Rfd1 e5 19. dxe5 Bxe5 20. Bxe5 Qxe5 21. Qxe5 Rxe5 22. Rd8+ Re8 23. Rxa8 Rxa8 24. c5 Nd5 25. Bc4 Nf6 26. Kf1 Kf8 27. b4 a5 28. b5 cxb5 29. Bxb5 Rc8 30. Rc1 Ke7 31. Ke2 Nd7 32. Bxd7 Kxd7 33. Kd3 Kc6 34. Rb1 Rd8+ 35. Ke3 Rd7 36. a4 Rd5 37. Rb6+ Kc7 38. Rb5 Kc6 39. Rb6+ Kc7 40. Rb5 Rh5 41. Rxa5 Kc6 42. Ra8 Rxc5 43. Rg8 Rg5 44. h4 Rg6 45. Rc8+ Kb6 46. Rc4 Rc6 47. Rf4 f6 48. h5 g6 49. hxg6 hxg6 50. Kd3 Ka5 51. Rg4 f5 52. Rd4 b6 53. Ke3 g5 54. Rd5+ Rc5 55. Rd4 Re5+ 56. Kd3 Rc5 57. Ke3 Re5+ 58. Kd3 f4 59. Re4 Rd5+ 60. Kc4 Rd2 61. Re5+ Kxa4 62. Rxg5 Rxf2 63. Rg6 b5+ 64. Kc5 Rc2+ 65. Kd4 Rc4+ 66. Kd3 Kb3 67. Rg1 Kb4 68. Rb1+ Kc5 69. Rh1 Rd4+ 70. Kc3 b4+ 71. Kc2 Kc4 72. Rh8 b3+ 73. Kc1 Kc3 74. Rc8+ Rc4 75. Rd8 Ra4 76. Kb1 Rd4 77. Rc8+ Rc4 78. Rd8 Rd4 79. Rc8+ Kd3 80. Kb2 Rc4 81. Re8 Rc2+ 82. Kxb3 Rf2 83. Re6 Rxf3 84. Kb2 Rf1 85. Rd6+ Ke2 86. Kc2 f3 87. Re6+ Kf2 88. Kd2 Ra1 89. Kd3 Ra7 90. Rb6 Rd7+ 91. Ke4 Re7+ 92. Kf4 Kg2 93. Rg6+ Kf2 94. Ra6 Rf7+ 95. Ke4 Kg2 96. Rg6+ Kh3 97. Rh6+ Kg4 98. Rg6+ Kh5 99. Rg1 f2 100. Rf1 Kg4 101. Rxf2 Rxf2 0-1


[Site "https://www.chess.com"]

[Event "Titled Tuesday Blitz May 16 Early 2023"]
[White "Panesar Vedant"]
[Black "SashaKuzhilniy"]
[WhiteFideId "35033018"]
[WhiteElo "2347"]
[BlackElo "2590"]
[Result "1-0"]
[Round "07"]
[TimeControl "180+2"]
[Date "2023.05.16"]
[WhiteClock "0:02:00"]
[BlackClock "0:00:47"]

1. e4 d5 2. exd5 Qxd5 3. Nc3 Qe5+ 4. Be2 Bg4 5. d4 Bxe2 6. Ngxe2 Qa5 7. Bf4 Nf6 8. d5 c6 9. Bxb8 Rxb8 10. dxc6 bxc6 11. O-O e6 12. Nd4 Qc7 13. Qf3 Nd5 14. Ne4 Be7 15. c4 Nb4 16. a3 Na6 17. b4 c5 18. Nb5 Qb6 19. Rad1 O-O 20. Rd7 Rfe8 21. Ned6 cxb4 22. Qxf7+ Kh8 23. Nxe8 1-0


[Site "https://www.chess.com"]

[Event "Titled Tuesday Blitz May 16 Early 2023"]
[White "Colbow, Collin"]
[Black "Cherniaiev, Tykhon"]
[WhiteFideId "16201132"]
[BlackFideId "14182360"]
[WhiteElo "2351"]
[BlackElo "2450"]
[Result "0-1"]
[Round "07"]
[TimeControl "180+2"]
[Date "2023.05.16"]
[WhiteClock "0:00:10"]
[BlackClock "0:00:14"]

1. d4 Nf6 2. Nc3 d5 3. Bf4 c5 4. e3 a6 5. dxc5 e6 6. Nf3 Bxc5 7. Bd3 Nc6 8. O-O O-O 9. e4 dxe4 10. Nxe4 Nxe4 11. Bxe4 f5 12. Bxc6 bxc6 13. Qxd8 Rxd8 14. Rad1 Bb7 15. Ng5 Re8 16. Rfe1 Bc8 17. Bd6 Bb6 18. c4 h6 19. Nf3 c5 20. Be5 Ra7 21. Rd6 Bc7 22. Rc6 Ba5 23. Rd1 Bb7 24. Rcd6 Be4 25. Rd7 Re7 26. Rxe7 Rxe7 27. Rd6 Bxf3 28. gxf3 Bc7 29. b3 Kf7 30. f4 Bxd6 31. Bxd6 Rd7 32. Bxc5 Rd2 33. a4 Rb2 34. b4 Rc2 35. Kg2 Rxc4 36. Kf3 a5 37. Bd6 axb4 38. a5 b3 39. Be5 Rc2 40. a6 b2 41. a7 b1=Q 42. a8=Q Qh1+ 0-1


[Site "https://www.chess.com"]

[Event "Titled Tuesday Blitz May 16 Early 2023"]
[White "Tasev, Dejan"]
[Black "Halkias, Stelios"]
[WhiteFideId "936618"]
[BlackFideId "4201809"]
[WhiteElo "2244"]
[BlackElo "2451"]
[Result "1-0"]
[Round "07"]
[TimeControl "180+2"]
[Date "2023.05.16"]
[WhiteClock "0:00:48"]
[BlackClock "0:00:03"]

1. e4 e5 2. Nf3 Nc6 3. Bc4 Bc5 4. Nc3 Nf6 5. d3 O-O 6. Be3 d6 7. h3 h6 8. Qd2 Be6 9. Bb3 Qd7 10. O-O-O Bxb3 11. axb3 a5 12. g4 Nd4 13. Bxd4 exd4 14. Nb1 Nh7 15. Rdg1 f6 16. h4 b5 17. Rg3 d5 18. g5 Bd6 19. e5 fxe5 20. gxh6 e4 21. Rxg7+ Qxg7 22. hxg7 Rxf3 23. Qe2 a4 24. bxa4 Rf4 25. dxe4 dxe4 26. Qxb5 Nf6 27. h5 Rxf2 28. h6 Kh7 29. Na3 d3 30. cxd3 e3 31. Nc4 e2 32. Re1 Re8 33. Nxd6 cxd6 34. Kd2 d5 35. a5 Kxh6 36. a6 Kxg7 37. a7 Rc8 38. Qb7+ Kg6 39. Qxc8 1-0


[Site "https://www.chess.com"]

[Event "Titled Tuesday Blitz May 16 Early 2023"]
[White "Starozhilov, Leonid"]
[Black "egorchess95"]
[WhiteFideId "14106752"]
[WhiteElo "2352"]
[BlackElo "2570"]
[Result "1-0"]
[Round "07"]
[TimeControl "180+2"]
[Date "2023.05.16"]
[WhiteClock "0:00:06"]
[BlackClock "0:00:04"]

1. e4 c5 2. Nf3 Nc6 3. Bb5 g6 4. O-O Bg7 5. Nc3 Nf6 6. Bxc6 bxc6 7. e5 Ng4 8. Re1 Qc7 9. Qe2 Nh6 10. Ne4 O-O 11. Nxc5 d6 12. Nb3 Bg4 13. exd6 exd6 14. h3 Be6 15. d4 Nf5 16. c3 a5 17. g4 Ne7 18. Ng5 Kh8 19. Nxe6 fxe6 20. Qxe6 Nd5 21. c4 Nb4 22. Qe4 d5 23. cxd5 cxd5 24. Qe7 Qxe7 25. Rxe7 Nc2 26. Rb1 a4 27. Nc5 Bxd4 28. Nd3 Rf3 29. Be3 Nxe3 30. fxe3 Rxe3 31. Rxe3 Bxe3+ 32. Kg2 Rc8 33. Kf3 d4 34. b4 Kg7 35. b5 Bg5 36. b6 Be7 37. b7 Rb8 38. Ke4 Kf6 39. Kd5 Bd8 40. Ne5 Bc7 41. Nd7+ Ke7 42. Nxb8 Bxb8 43. Kxd4 Kd7 44. Kd5 Kc7 45. Rb4 a3 46. Rb3 Ba7 47. Ke6 Bb8 48. Kf7 h5 1-0


[Site "https://www.chess.com"]

[Event "Titled Tuesday Blitz May 16 Early 2023"]
[White "Gritsenko, Nikolai"]
[Black "Janaszak, Dawid"]
[WhiteFideId "14112493"]
[BlackFideId "1119206"]
[WhiteElo "2389"]
[BlackElo "2220"]
[Result "1-0"]
[Round "07"]
[TimeControl "180+2"]
[Date "2023.05.16"]
[WhiteClock "0:00:05"]
[BlackClock "0:00:00"]

1. e4 c5 2. Nf3 Nc6 3. Bb5 e5 4. Bxc6 bxc6 5. O-O Qc7 6. c3 Nf6 7. d4 cxd4 8. cxd4 d6 9. h3 Be7 10. Nc3 O-O 11. Bg5 Re8 12. Re1 Rb8 13. Qd2 Nd7 14. Bxe7 Rxe7 15. Rac1 Qb7 16. b3 Nf8 17. Re3 Ng6 18. dxe5 dxe5 19. Qd8+ Nf8 20. Qa5 f6 21. Na4 Bd7 22. Rd3 Be8 23. Nc5 Qb6 24. Qc3 Kh8 25. Rcd1 a5 26. g3 g6 27. Kg2 Kg7 28. Rd6 Qb4 29. R1d3 Qxc3 30. Rxc3 Ra8 31. Nd2 Kf7 32. Nc4 Raa7 33. Rf3 Kg7 34. Rfxf6 Nd7 35. Nxd7 Bxd7 36. Rf3 a4 37. b4 Rb7 38. a3 Be8 39. Rc3 Rb5 40. Na5 Rf7 41. h4 h6 42. Rcd3 g5 43. Rd8 gxh4 44. Rxe8 h3+ 45. Kxh3 c5 46. Nc4 cxb4 47. axb4 Rxf2 48. Nd6 Rb6 49. Nf5+ Kf7 50. Ra8 Rxb4 51. Rd7+ Ke6 52. Re7+ Kf6 53. Rf8+ Kg6 54. Rg7+ 1-0


[Site "https://www.chess.com"]